 Dungeon Crawl Stone Soup version 0.31-a0-858-g469dc525a8 (webtiles) character file.

Game seed: 10497638810396971104

980 BinkBink the Shield-Bearer (level 8, -12/63 HPs)
             Began as a Formicid Fighter on Oct 9, 2023.
             Was an Initiate of Gozag.
             Killed from afar by a steam dragon (15 damage)
             ... with a ball of steam
             ... on level 9 of the Dungeon.
             The game lasted 00:06:32 (4055 turns).

BinkBink the Shield-Bearer (Formicid Fighter)       Turns: 4055, Time: 00:06:32

Health: -12/63     AC:  7    Str: 20 (23) XL:     8   Next: 40%
Magic:  8/8        EV:  9    Int:  6 (8)  God:    Gozag
Gold:   299        SH:  5    Dex: 12 (13) Spells: 7/7 levels left

rFire   . . .        a - +0 war axe
rCold   . . .        c - +0 buckler
rNeg    . . .        b - +0 scale mail
rPois   .            (helmet unavailable)
rElec   .            (no cloak)
rCorr   .            (no gloves)
SInv    +            (no boots)
Will    .....        (no amulet) Stlth
                     l - ring of flight
HPRegen 0.30/turn    (no ring)
MPRegen 0.11/turn

%: no passive effects
@: mighty, lethally poisoned (-12 -> -16), gold aura, flying
A: permanent stasis, dig shafts and tunnels, antennae 3, four strong arms
a: Dig, Shaft Self, Renounce Religion, Potion Petition, Call Merchant, Bribe
Branch


You were on level 9 of the Dungeon.
You worshipped Gozag.
Gozag was aware of your devotion.
You visited 1 branch of the dungeon, and saw 8 of its levels.

You collected 338 gold pieces.
You paid 39 gold pieces to Gozag.

Inventory:

Hand Weapons
 a - a +0 war axe (weapon)
Missiles
 s - a throwing net
Armour
 b - a +0 scale mail (worn)
 c - a +0 buckler (worn)
Jewellery
 l - a ring of flight (left hand)
Wands
 g - a wand of paralysis (2)
Scrolls
 i - a scroll of enchant weapon {unknown}
 k - a scroll of fog {unknown}
 m - a scroll of torment {unknown}
 n - a scroll of identify {unknown}
 o - a scroll of vulnerability {unknown}
 q - a scroll of poison {unknown}
Potions
 d - a potion of might
 e - a potion of magic {unknown}
 j - a potion of resistance {unknown}
 p - a potion of berserk rage {unknown}
 r - a potion of haste {unknown}


   Skills:
 + Level 5.5 Fighting
 * Level 6.1 Axes
 + Level 5.5 Armour
 + Level 6.7 Shields


You had 7 spell levels left.
You didn't know any spells.
Your spell library contained the following spells:

 Spells                   Type           Power      Damage    Failure   Level
 Apportation              Tloc           0%         N/A       85%         1
 Kiss of Death            Conj/Necr      0%         2d5       85%         1
 Necrotise                Necr           0%         1d4       85%         1
 Summon Small Mammal      Summ           0%         N/A       85%         1
 Confusing Touch          Hex            0%         N/A       99%         3
 Stone Arrow              Conj/Erth      0%         3d7       99%         3
 Animate Armour           Summ/Erth      0%         N/A       100%        4
 Dispel Undead            Necr           0%         3d6       100%        4
 Lehudib's Crystal Spear  Conj/Erth      0%         10d2      100%        8


Dungeon Overview and Level Annotations

Branches:
Dungeon (9/15)
 Temple: D:4-7         Lair: D:8-11         Orc: D:9-12

Altars:
Gozag
Okawaru
Qazlal

Annotations:
D:5 Dowan, Duvessa, Menkaure


Innate Abilities, Weirdness & Mutations

You cannot be hasted, slowed, berserked, paralysed or teleported.
You can dig through walls and to a lower floor.
You have a pair of large antennae on your head. (SInv)
Your four strong arms can wield two-handed weapons with a shield.


Message History

You block the water moccasin's attack. The water moccasin closely misses you.
You slash the water moccasin!
The water moccasin is severely wounded.
The water moccasin closely misses you.
You miss the water moccasin.
The water moccasin is severely wounded.
The water moccasin bites you.
You are poisoned.
The water moccasin poisons you!
The water moccasin bites you but does no damage.
You slash the water moccasin!
You kill the water moccasin!
You feel very sick.
The steam dragon is distracted by your dazzling golden aura.
Your Axes skill increases to level 6!
The steam dragon hisses angrily.
You slash the steam dragon!
The steam dragon is moderately wounded.
You feel very sick.
The steam dragon bites you but does no damage.
You block the steam dragon's attack. The steam dragon bites you.
The steam dragon claws you but does no damage.
You closely miss the steam dragon.
The steam dragon is moderately wounded.
You feel sick.
The steam dragon is no longer distracted by gold.
The steam dragon breathes steam at you. The ball of steam hits you!
* * * LOW HITPOINT WARNING * * *
It was a potion of degeneration.
There was something very wrong with that liquid.
You feel weakened.
You feel dopey.
You feel clumsy.
You are engulfed in a cloud of scalding steam.
* * * LOW HITPOINT WARNING * * *
You feel sick. The steam dragon breathes steam at you.
The ball of steam hits the steam dragon.
The steam dragon resists.
The ball of steam hits you!
You die...
Your body crumbles into a pile of gold. {{{{{{ ..##.##.# {{{{{{

.......#
{{{{{{{###......# #.#
##........# #.#
#.##.....####. #.#
#.##.......S.. #.#
##.## #..# #.#
#...###..# ###.#####
#.#ยงยง@DD.#
.>......####...###..#
##............## #..#
#.####.#####.# #....,
#.# #.# #.# ##.##.
#.# #.# #.# .. ..
#.####.# #.# ... .
#......# #.# ...
#######.# #.#


You could see 2 steam dragons.

Vanquished Creatures
  Sigmund (D:2)
  A water moccasin (D:9)
  An ogre (D:4)
  A centaur (D:9)
  Blork the orc (D:4)
  A scorpion (D:4)
  A howler monkey (D:9)
  2 jellies
  A hound (D:4)
  3 orc wizards
  4 gnolls (D:4)
  5 adders
  A shadow imp (D:7)
  An adder zombie (D:2)
  3 adder skeletons (D:2)
  2 worms
  2 dart slugs
  4 orcs
  2 ball pythons
  2 bat zombies (D:2)
  16 endoplasms
  2 giant cockroaches
  3 goblins
  5 hobgoblins
  9 jackals
  13 kobolds
  A quokka (D:3)
  3 ball python skeletons (D:2)
  A ball python zombie (D:2)
  4 bats
  A frilled lizard (D:3)
  2 giant cockroach zombies (D:2)
  A jackal zombie (D:2)
  6 rats
106 creatures vanquished.

Notes
Turn   | Place    | Note
-------+----------+-------------------------------------------
     0 | D:1      | BinkBink the Formicid Fighter began the quest for the Orb.
     0 | D:1      | Reached XP level 1. HP: 18/18 MP: 1/1
   152 | D:1      | Reached XP level 2. HP: 24/24 MP: 2/2
   814 | D:2      | Reached XP level 3. HP: 29/29 MP: 3/3
  1056 | D:2      | Noticed Sigmund
  1236 | D:2      | Reached XP level 4. HP: 36/37 MP: 4/4
  1312 | D:2      | Killed Sigmund
  1313 | D:2      | Reached skill level 5 in Shields
  1313 | D:2      | Reached XP level 5. HP: 18/43 MP: 5/5
  1313 | D:2      | Reached XP level 6. HP: 21/49 MP: 6/6
  2288 | D:4      | Reached XP level 7. HP: 37/55 MP: 7/7
  2303 | D:4      | Found an opulent altar of Gozag.
  2315 | D:4      | Became a worshipper of Gozag Ym Sagoz the Greedy
  2386 | D:4      | Noticed Blork the orc
  2398 | D:4      | Killed Blork the orc
  2628 | D:4      | Reached skill level 5 in Axes
  2788 | D:4      | Found an iron altar of Okawaru.
  2813 | D:4      | Reached skill level 5 in Fighting
  2961 | D:4      | Reached skill level 5 in Armour
  3427 | D:5      | Entered Level 5 of the Dungeon
  3427 | D:5      | Noticed Duvessa
  3427 | D:5      | Noticed Dowan
  3443 | D:5      | Noticed Menkaure
  3444 | D:5      | Found a stormy altar of Qazlal.
  3488 | D:5      | You are sucked into a shaft and drop 3 floors!
  3514 | D:7      | Reached XP level 8. HP: 56/62 MP: 8/8
  3588 | D:7      | Noticed a yak
  3694 | D:7      | Noticed a yak
  3694 | D:7      | Noticed a yak
  3708 | D:7      | Noticed a yak
  3711 | D:7      | Noticed a yak
  3716 | D:7      | You are sucked into a shaft and drop 2 floors!
  4055 | D:9      | HP: 3/63 [poisoned by a water moccasin]
  4055 | D:9      | Killed from afar by a steam dragon

Illustrated notes

Levels and vault maps discovered:
D:1:      lemuel_arrival_cross, layout_basic, minivault_25
D:2:      layout_basic, serial_undead, serial_undead_b, serial_undead_c,
          serial_undead_c, serial_undead_f, serial_undead_d, serial_undead_a,
          serial_undead_c, uniq_sigmund
D:3:      cheibrodos_fertilizer, layout_rooms, chequers_serial_rivers_small_3,
          item_on_display_b
D:4:      layout_rooms, mainiacjoe_overflow_brackets, grunt_gozag_breadcrumbs,
          minmay_misc_feat_iff, minmay_misc_feat_alley, uniq_blork_the_orc
D:5:      layout_rooms, grunt_qazlal_sundering, doesnt_xom_only_xom,
          jmf_multi_god_temple2, nicolae_shop_clearance, uniq_eustachio,
          uniq_duvessa, uniq_menkaure
D:7:      layout_cave_pools, lemuel_round_altar, uniq_maggie
D:8:      layout_layer_cave, kennysheep_mini_moat, serial_shops, shop,
          nicolae_shop_behind_doors, shop, nicolae_shop_crystal,
          nicolae_shop_trees
D:9:      layout_loops_ring, mainiacjoe_overflow_tiny_flanked,
          zombieorc2_lemuel, ebering_ghost_inner_flame, dk_rats_in_the_wall

Skill      XL: |  1  2  3  4  5  6  7  8 |
---------------+-------------------------+-----
Axes           | 4 5 6 |  6.1
Fighting       | 4 5 |  5.5
Armour         | 4 5 |  5.5
Shields        | 5 6 |  6.7

Action                     |  1- 3 |  4- 6 |  7- 9 || total
---------------------------+-------+-------+-------++-------
  Melee: War axe           |   101 |   102 |   122 ||   325
Ability: Shaft Self        |       |       |     2 ||     2
    Use: Potion            |       |       |     6 ||     6
   Stab: Distracted        |       |       |     2 ||     2
 Armour: Scale mail        |    98 |    56 |   116 ||   270
  Dodge: Dodged            |    71 |    51 |    70 ||   192
  Block: Buckler           |    33 |    27 |    38 ||    98

Table legend: (Time is in decaauts)
 A = Elapsed time spent in this place.
 B = Non-inter-level travel time spent in this place.
 C = Inter-level travel time spent in this place.
 D = Time resting spent in this place.
 E = Time spent auto-exploring this place.
 F = Levels seen in this place.
 G = Mean time per level.
                   A        B        C        D        E       F      G
               +--------+--------+--------+--------+--------+-----+--------+
         Total |   4160 |   4016 |    144 |    262 |   2817 |   8 |  520.0 |
       Dungeon |   4160 |   4016 |    144 |    262 |   2817 |   8 |  520.0 |
               +--------+--------+--------+--------+--------+-----+--------+

Top non-repeatable levels by time:
     D:4: 1240 daAuts
     D:1: 844 daAuts
     D:2: 773 daAuts
     D:3: 693 daAuts
     D:9: 344 daAuts
     D:7: 226 daAuts
     D:5: 29 daAuts
     D:8: 6 daAuts
